 Dungeon Crawl Stone Soup version 0.31-a0-995-g04711c9635 (webtiles) character file.

Game seed: 1887101656245769845

19923 CrazyBamboolord the Fighter (level 12, -4/136 HPs)
             Began as an Ogre Gladiator on Nov 6, 2023.
             Was a Priest of the Shining One.
             Slain by a meliai
             ... wielding a +0 war axe
              (13 damage)
             ... in a Gauntlet.
             The game lasted 00:41:15 (14953 turns).

CrazyBamboolord the Fighter (Ogre Gladiator)       Turns: 14953, Time: 00:41:16

Health: -4/136     AC: 11    Str: 25    XL:     12   Next: 74%
Magic:  0/16       EV: 13    Int:  9    God:    the Shining One [***...]
Gold:   114        SH:  0    Dex: 13    Spells: 11/11 levels left

rFire   . . .        E - +6 war axe "Aruoliem" {freeze, rC+ rCorr Dex+3}
rCold   + . .        (no shield)
rNeg    + . .        I - +1 steam dragon scales
rPois   .            c - +1 hat
rElec   .            N - +2 cloak {rCorr}
rCorr   +            (gloves unavailable)
SInv    .            (boots unavailable)
Will    ++...        n - amulet of guardian spirit
Stlth   +            k - ring of willpower
HPRegen 0.42/turn    D - +4 ring of slaying
MPRegen 0.15/turn

%: no teleportation, guardian spirit
@: mighty, glowing
A: large, unfitting armour, tough skin 1
a: Renounce Religion, Divine Shield, Cleansing Flame


You were in a Gauntlet.
You worshipped the Shining One.
The Shining One was most pleased with you.
You visited 3 branches of the dungeon, and saw 15 of its levels.
You also visited: Sewer, Bailey and Gauntlet.

You collected 810 gold pieces.
You spent 696 gold pieces at shops.

Inventory:

Hand Weapons
 E - the +6 war axe "Aruoliem" (weapon) {freeze, rC+ rCorr Dex+3}
   (You found it on level 5 of the Dungeon)

   Dex+3:     It affects your dexterity (+3).
   rC+:       It protects you from cold.
   rCorr:     It protects you from acid and corrosion.
 H - a +5 trident of freezing
Missiles
 d - a throwing net
 e - 2 boomerangs
 q - 13 poisoned darts
 w - 48 stones
 L - a dart of dispersal
 P - 8 large rocks (quivered)
Armour
 c - a +1 hat (worn)
 I - +1 steam dragon scales (worn)
 N - a +2 cloak of preservation (worn)
Jewellery
 g - the ring of Secrets {rC++ Will+ Dex+6}
   (You found it in a Gauntlet)

   [ring of dexterity]

   Dex+6:     It affects your dexterity (+6).
   rC++:      It greatly protects you from cold.
   Will+:     It increases your willpower.
 k - a ring of willpower (left hand)
 n - an amulet of guardian spirit (around neck)
 x - a ring of resist corrosion
 D - a +4 ring of slaying (right hand)
Wands
 o - a wand of acid (3)
 u - a wand of polymorph (5)
 F - a wand of paralysis (21)
 G - a wand of flame (25)
 J - a wand of mindburst (16)
Scrolls
 a - a scroll of fog
 b - 2 scrolls of silence
 f - 4 scrolls of noise
 h - 2 scrolls of poison
 y - 3 scrolls of immolation
 C - 2 scrolls of vulnerability
 K - 5 scrolls of identify
 T - 2 scrolls of teleportation
Potions
 i - 4 potions of cancellation
 j - 2 potions of might
 l - 4 potions of lignification
 m - 3 potions of curing
 r - 4 potions of mutation
 s - 3 potions of resistance
 t - 3 potions of brilliance
 z - 2 potions of haste
 O - a potion of berserk rage
 R - a potion of attraction


   Skills:
 * Level 13.2 Fighting
 * Level 10.6 Polearms
 * Level 10.3 Throwing
 * Level 9.7 Dodging
 + Level 6.1 Invocations


You had 11 spell levels left.
You didn't know any spells.
Your spell library contained the following spells:

 Spells                   Type           Power      Damage    Failure   Level
 Apportation              Tloc           0%         N/A       38%         1
 Sandblast                Erth           0%         2d4       38%         1
 Summon Small Mammal      Summ           0%         N/A       38%         1
 Jinxbite                 Hex            0%         N/A       52%         2
 Lesser Beckoning         Tloc           0%         N/A       52%         2
 Passwall                 Tmut/Erth      0%         N/A       52%         2
 Call Canine Familiar     Summ           0%         N/A       77%         3
 Dazzling Flash           Conj/Hex       0%         N/A       77%         3
 Gell's Gravitas          Tloc           0%         N/A       77%         3
 Sigil of Binding         Hex            0%         N/A       77%         3
 Stone Arrow              Conj/Erth      0%         3d7       77%         3
 Summon Guardian Golem    Hex/Summ       0%         N/A       77%         3
 Teleport Other           Tloc           0%         N/A       77%         3
 Anguish                  Hex/Necr       0%         N/A       99%         4
 Brom's Barrelling Bould  Conj/Erth      0%         2d3       99%         4
 Cause Fear               Hex            0%         N/A       99%         4
 Dimensional Bullseye     Hex/Tloc       0%         N/A       99%         4
 Leda's Liquefaction      Hex/Erth       0%         N/A       99%         4
 Manifold Assault         Tloc           0%         N/A       99%         4
 Agony                    Necr           0%         N/A       100%        5
 Alistair's Intoxication  Tmut/Pois      0%         N/A       100%        5
 Silence                  Hex/Air        0%         N/A       100%        5
 Dispersal                Tloc           0%         N/A       100%        6
 Enfeeble                 Hex            0%         N/A       100%        7
 Disjunction              Tloc           0%         N/A       100%        8


Dungeon Overview and Level Annotations

Branches:
Dungeon (12/15)            Temple (1/1) D:6            Lair (2/5) D:8
 Shoals (0/4) Lair:2        Snake (0/4) Lair:2          Orc (0/2) D:10
  Sewer (visited)          Bailey (visited)         Gauntlet (1/1)

Altars:
Ashenzari
Cheibriados
Dithmenos
Elyvilon
Fedhas
Gozag
Hepliaklqana
Kikubaaqudgha
Makhleb
Nemelex Xobeh
Okawaru
Qazlal
Ru
Sif Muna
Trog
Uskayaw
Vehumet
Wu Jian
Xom
Yredelemnul
Zin
The Shining One

Shops:
D:4 (   D:9 ?   D:10 [   D:11 ?[[:(

Annotations:
D:3 3 runed translucent doors, pzskc383's ghost, amateur GrFi Gauntlet 11 transporters, 2 runed translucent doors, exclusion: orange crystal statue


Innate Abilities, Weirdness & Mutations

You are too large for most types of armour.
You have tough skin. (AC +1)


Message History

Something smites you!
* * * LOW HITPOINT WARNING * * *
The meliai mumbles some strange prayers to its god against you.
Something smites you!
* * * LOW HITPOINT WARNING * * *
The meliai closely misses you.
The meliai stings you but does no damage.
Okay, then.
You feel better. The meliai completely misses you.
The meliai barely misses you. The meliai hits you with a +0 war axe.
* * * LOW HITPOINT WARNING * * *
The meliai stings you.
* * * LOW HITPOINT WARNING * * *
Unknown command.
You feel better. The meliai hits you with a +0 war axe!
The Shining One protects you from harm! The meliai stings you.
* * * LOW HITPOINT WARNING * * *
The meliai hits you with a +0 war axe!
* * * LOW HITPOINT WARNING * * *
The meliai stings you but does no damage.
You feel better. The meliai hits you with a +0 war axe.
* * * LOW HITPOINT WARNING * * *
The meliai stings you.
* * * LOW HITPOINT WARNING * * *
The meliai hits you with a +0 war axe.
* * * LOW HITPOINT WARNING * * *
The meliai misses you.
You feel better.
The meliai calls down the wrath of its god upon you.
Something smites you! The Shining One protects you from harm!
The meliai hits you with a +0 war axe.
* * * LOW HITPOINT WARNING * * *
The meliai stings you!
* * * LOW HITPOINT WARNING * * *
You are lethally poisoned!
The meliai poisons you!
You feel better. The meliai hits you with a +0 war axe!
You die...

#...###.#.##.##..##.#.##..#.#..##
#....#.4#.##.#.##.#.#..####.#..≈#
#...4..2#.#.#3#33##.#.......#..##
#############################..≈#
..#.©.........©.........©.#...###
..#...........©...........#...≈#
..#########################..###
.........#....©(?..#.........≈#
#........#.^...y@^.#........###
#≈#≈#≈#..#.#######.#..#≈#≈#§#
#######..#.#.#.#.#.#..#######
#≈..#....©....#..≈#
#######..##.#^#.#.##..#######
#≈#≈#§#..#.#######)#..#≈#§#§#
#........#.........#..§§....###
.........#.........#..§......≈#
..#########################..###


You could see 3 sixfirhies and a meliai (vitrified).

Vanquished Creatures
  2 vault guards (Bailey)
  A two-headed ogre (D:10)
  An arcanist (Gauntlet)
  2 ugly things
  2 cyclopes
  2 black mambas
  A gargoyle (D:11)
  Jeremiah (D:8)
  A cane toad (Lair:1)
  A komodo dragon (D:8)
  2 meliai (Gauntlet)
  2 trolls
  A polar bear (Lair:1)
  3 hornets
  Prince Ribbit (Bailey)
  5 blink frogs (Lair:1)
  Sigmund (D:5)
  A water elemental (D:11)
  2 wyverns
  A human (Bailey)
  3 wraiths
  20 yaks
  2 vampires (D:11)
  A steam dragon (D:8)
  2 vampire mosquitoes (D:10)
  Grum (Lair:1)
  An acid dragon (D:10)
  9 water moccasins
  2 black bears
  6 orc warriors
  2 sky beasts (D:6)
  2 ogres (D:6)
  2 ice beasts
  9 wolves (Lair:1)
  7 centaurs
  3 kobold brigands (Sewer)
  6 scorpions
  17 bullfrogs
  7 killer bees (D:9)
  2 howler monkeys
  An electric eel (D:11)
  2 hounds
  6 orc priests
  Crazy Yiuf (D:3)
  5 jellies
  Jessica (D:3)
  4 iguanas
  8 orc wizards
  4 gnolls
  8 adders
  A river rat (Sewer)
  4 shadow imps
  8 white imps
  A worm (D:2)
  3 dart slugs
  29 orcs
  8 endoplasms
  2 giant cockroaches
  7 goblins
  5 hobgoblins
  5 jackals
  5 quokkas
  10 ball pythons
  2 bats
  3 frilled lizards
  13 kobolds
  12 rats
295 creatures vanquished.

Vanquished Creatures (collateral kills)
  An orc wizard (D:5)
  2 orcs (D:5)
3 creatures vanquished.

Grand Total: 298 creatures vanquished

Notes
Turn   | Place    | Note
-------+----------+-------------------------------------------
     0 | D:1      | CrazyBamboolord the Ogre Gladiator began the quest for the
                  | Orb.
     0 | D:1      | Reached XP level 1. HP: 22/22 MP: 1/1
   143 | D:1      | Reached XP level 2. HP: 29/29 MP: 2/2
   171 | D:1      | Reached skill level 3 in Fighting
   312 | D:1      | Found a faded altar of an unknown god.
   863 | D:1      | Reached XP level 3. HP: 37/37 MP: 3/3
  1373 | D:1      | Reached XP level 4. HP: 10/46 MP: 4/4
  1811 | D:3      | Found a burning altar of Makhleb.
  1813 | D:3      | Noticed a green death
  1849 | D:3      | Found an opulent altar of Gozag.
  1911 | D:3      | Noticed Jessica
  1920 | D:3      | Killed Jessica
  1921 | D:3      | Reached skill level 4 in Fighting
  1975 | D:3      | Found a runed translucent gate.
  1975 | D:3      | Found a runed translucent gate.
  1975 | D:3      | Found a runed translucent gate.
  1975 | D:3      | Found an opulent altar of Gozag.
  1985 | D:3      | Noticed pzskc383's ghost (amateur GrFi)
  2291 | D:3      | Reached XP level 5. HP: 44/54 MP: 5/5
  2805 | D:3      | Found a runed translucent door.
  2806 | D:3      | Noticed Crazy Yiuf
  2876 | D:3      | Killed Crazy Yiuf
  3276 | D:4      | Found a hide-covered altar of Uskayaw.
  3533 | D:4      | Found Qopaesir's Weapon Shoppe.
  3709 | D:5      | Entered Level 5 of the Dungeon
  3713 | D:5      | Noticed a black bear
  3722 | D:4      | Reached XP level 6. HP: 16/63 MP: 6/6
  3987 | D:5      | Noticed Sigmund
  4159 | D:5      | Found a glowing drain.
  4165 | D:5      | Killed Sigmund
  4166 | D:5      | Reached skill level 5 in Fighting
  4166 | D:5      | Reached XP level 7. HP: 68/72 MP: 5/7
  4189 | Sewer    | Entered a sewer
  4731 | Sewer    | Reached skill level 5 in Polearms
  4879 | Sewer    | Reached skill level 6 in Fighting
  5214 | D:5      | Reached XP level 8. HP: 68/84 MP: 6/8
  5217 | D:5      | Identified the +0 spear "Giad" {freeze, Str+3}
  5381 | D:5      | Reached skill level 5 in Dodging
  5487 | D:5      | Reached skill level 5 in Throwing
  5608 | D:5      | Identified the +6 war axe "Aruoliem" {freeze, rC+ rCorr
                  | Dex+3}
  5669 | D:5      | Found an ornate altar of the Wu Jian Council.
  5902 | D:6      | Reached skill level 7 in Fighting
  6123 | D:6      | Reached XP level 9. HP: 89/94 MP: 9/9
  6269 | D:6      | Reached skill level 8 in Fighting
  6573 | D:6      | Found a staircase to the Ecumenical Temple.
  6579 | Temple   | Entered the Ecumenical Temple
  6598 | Temple   | Became a worshipper of the Shining One
  7336 | D:7      | Reached skill level 9 in Fighting
  7336 | D:7      | Reached skill level 1 in Invocations
  8138 | D:8      | Noticed Jeremiah
  8144 | D:8      | Reached XP level 10. HP: 91/107 MP: 11/11
  8182 | D:8      | Killed Jeremiah
  8754 | D:8      | Found a staircase to the Lair.
  9011 | D:9      | Reached skill level 10 in Fighting
  9268 | D:9      | Noticed a brown ugly thing
  9277 | D:9      | Killed a brown ugly thing
  9393 | D:9      | Reached * piety under the Shining One
  9518 | D:9      | Found a snail-covered altar of Cheibriados.
  9655 | D:9      | Found Bifuagai's Magic Scroll Shop.
  9673 | D:9      | Found a glowing silver altar of Zin.
  9693 | D:9      | Bought a scroll of silence for 114 gold pieces
  9693 | D:9      | Bought a scroll of revelation for 90 gold pieces
  9693 | D:9      | Bought 2 scrolls of enchant weapon for 180 gold pieces
  9693 | D:9      | Bought a scroll of identify for 24 gold pieces
  9693 | D:9      | Bought a scroll of identify for 24 gold pieces
  9693 | D:9      | Bought a scroll of fear for 48 gold pieces
  9773 | D:9      | Reached XP level 11. HP: 116/119 MP: 11/13
  9808 | D:9      | Found a broken altar of Ashenzari.
  9958 | D:10     | Entered Level 10 of the Dungeon
  9987 | D:10     | Found a flagged portal.
  9993 | D:10     | You fall into a shaft and drop 2 floors!
 10001 | D:12     | Noticed a deep elf pyromancer
 10004 | D:11     | Found Fank's Antique Weapon Emporium.
 10017 | D:10     | Noticed a two-headed ogre
 10017 | D:10     | Noticed a cyclops
 10021 | D:10     | Found a staircase to the Orcish Mines.
 10021 | D:10     | Found Sutuid's Armour Emporium.
 10030 | D:10     | Reached skill level 11 in Fighting
 10044 | D:10     | Found a shadowy altar of Dithmenos.
 10044 | D:10     | Found a basalt altar of Yredelemnul.
 10124 | Bailey   | Entered a bailey
 10557 | Bailey   | Noticed a vault guard
 10567 | Bailey   | Killed a vault guard
 10774 | Bailey   | Noticed a vault guard
 10774 | Bailey   | Noticed Prince Ribbit
 10787 | Bailey   | Killed Prince Ribbit
 10790 | Bailey   | Killed a vault guard
 11060 | D:10     | Killed a two-headed ogre
 11497 | D:10     | Killed a cyclops
 11722 | D:10     | Reached skill level 12 in Fighting
 11848 | D:11     | Found Uptiqic's Antique Armour Shoppe.
 11859 | D:11     | Found Zoymilov's Book Emporium.
 11878 | D:11     | Reached ** piety under the Shining One
 11879 | D:11     | Reached skill level 5 in Invocations
 12016 | D:11     | Found a basalt altar of Yredelemnul.
 12023 | D:11     | Noticed a purple ugly thing
 12037 | D:11     | Killed a purple ugly thing
 12177 | D:11     | Found Dipecime's Armour Boutique.
 12186 | D:11     | Found Poje's Magic Scroll Emporium.
 12199 | D:11     | Identified the +2 robe of Crawling {rElec Int+3}
 12202 | D:11     | Bought a scroll of enchant armour for 120 gold pieces
 12202 | D:11     | Bought a scroll of teleportation for 48 gold pieces
 12202 | D:11     | Bought a scroll of teleportation for 48 gold pieces
 12300 | D:11     | Noticed a cyclops
 12310 | D:11     | Reached XP level 12. HP: 115/132 MP: 12/15
 12882 | Lair:1   | Entered Level 1 of the Lair of Beasts
 12931 | Lair:1   | Reached skill level 10 in Polearms
 13407 | Lair:1   | Reached skill level 10 in Throwing
 13418 | Lair:1   | Paralysed by a hornet for 1 turns
 13568 | Lair:1   | Reached skill level 13 in Fighting
 13782 | Lair:1   | Noticed Grum
 13793 | Lair:1   | Killed Grum
 14292 | Lair:2   | Noticed an eight-headed hydra
 14294 | Lair:2   | Found a gate leading to a gauntlet.
 14304 | Gauntlet | Entered a Gauntlet
 14304 | Gauntlet | Found a transporter.
 14304 | Gauntlet | Found a transporter.
 14304 | Gauntlet | Found a runed translucent gate.
 14312 | Gauntlet | Noticed a soul eater
 14508 | Gauntlet | Found a runed translucent gate.
 14509 | Gauntlet | Found a runed translucent gate.
 14516 | Gauntlet | Found a transporter.
 14534 | Gauntlet | Found a transporter.
 14534 | Gauntlet | Found a transporter.
 14535 | Gauntlet | Found a transporter.
 14537 | Gauntlet | Found a transporter.
 14537 | Gauntlet | Found a transporter.
 14540 | Gauntlet | Reached *** piety under the Shining One
 14550 | Gauntlet | Found a transporter.
 14566 | Gauntlet | Found a transporter.
 14575 | Gauntlet | Noticed a green death
 14576 | Gauntlet | Found a transporter.
 14590 | Gauntlet | Found a transporter.
 14624 | Gauntlet | Found a transporter.
 14627 | Gauntlet | Noticed a death scarab
 14632 | Gauntlet | Found a runed translucent door.
 14632 | Gauntlet | Found a runed translucent door.
 14636 | Gauntlet | Found a transporter.
 14919 | Gauntlet | Identified the ring of Secrets {rC++ Will+ Dex+6}
 14948 | Gauntlet | HP: 3/136 [meliai/divine providence (8)]
 14950 | Gauntlet | The Shining One protects you from harm!
 14952 | Gauntlet | The Shining One protects you from harm!
 14953 | Gauntlet | Slain by a meliai

Illustrated notes

Levels and vault maps discovered:
D:1:      dpeg_arrival_round_b, layout_loops_ring,
          hellmonk_ecumenical_altar_prayer_group
D:2:      layout_loops_ring, chequers_jeans, moated_statue
D:3:      layout_basic, makhleb_altar_promises_db,
          nicolae_gozag_cash_rules_everything_around_me, ebering_ghost_gozag,
          uniq_jessica, uniq_crazy_yiuf_cottage
D:4:      layout_basic, eat_drink_and_be_merry_uskayaw, serial_shops, shop
D:5:      layout_loops_ring, mainiacjoe_overflow_alcove_1,
          gup_sewer_entry_glass, uniq_sigmund
D:6:      minmay_razor_zed, layout_rooms, minmay_temple_entry_enclosed_plants
D:7:      layout_gridville
D:8:      layout_basic, david_lair_shrubbed, minmay_misc_feat_square,
          uniq_jeremiah
D:9:      layout_rooms, kennysheep_mini, lemuel_round_altar,
          mainiacjoe_overflow_paths, serial_shops, nicolae_shop_waterfront
D:10:     layout_roguey, nicolae_overflow_two_pavilions, orc_david_3,
          enter_bailey_2
D:11:     layout_basic, serial_shops, shop, shop, nicolae_shop_stone,
          nicolae_shop_tiny_statue_garden, nicolae_diamond_shop,
          yredelemnul_altar_generic
D:12:     layout_basic, minivault_5, nicolae_rejected_hall
Temple:   dshaligram_water_room_temple
Lair:1:   layout_gridlike, uniq_grum
Lair:2:   layout_hall_layers, minmay_shoals_entry_lonely_mermaid,
          nicolae_snake_entry_warm_welcome, gauntlet_entry_generic,
          chequers_serial_rivers_micro_e, lemuel_fruit_fields,
          lemuel_fruit_fields
Gauntlet: gammafunk_gauntlet_mixed_choke_point
          [minmay_gauntlet_arena_77_run_for_it,
          minmay_gauntlet_arena_77_chump_sandwich,
          minmay_gauntlet_arena_77_shame_cube, gammafunk_gauntlet_arena_teeth,
          minmay_gauntlet_arena_77_hold_the_fort, minmay_gauntlet_arena_77_mess,
          minmay_gauntlet_arena_77_double_cross, gauntlet_exit_hidden_loot]

Skill      XL: |  1  2  3  4  5  6  7  8  9 10 11 12 |
---------------+-------------------------------------+-----
Fighting       | 3 4 5 6 7 9 10 12 13 | 13.2
Dodging        | 3 4 5 6 7 9 |  9.7
Throwing       | 3 4 5 7 8 9 10 | 10.3
Polearms       | 4 5 6 7 8 9 10 | 10.6
Invocations    | 1 3 5 6 |  6.1

Action                     |  1- 3 |  4- 6 |  7- 9 | 10-12 || total
---------------------------+-------+-------+-------+-------++-------
  Melee: Trident           |    96 |   130 |   137 |       ||   363
         Punch             |     1 |     2 |     4 |     3 ||    10
         Unarmed           |       |       |     8 |       ||     8
         War axe           |       |       |   105 |   334 ||   439
  Throw: Dart              |     2 |     9 |    77 |    60 ||   148
         Stone             |       |     9 |     2 |       ||    11
         Throwing net      |       |     3 |       |     1 ||     4
         Large rock        |       |     1 |       |     5 ||     6
         Boomerang         |       |       |       |     5 ||     5
 Invoke: Divine Shield     |       |       |       |     1 ||     1
         Cleansing Flame   |       |       |       |     1 ||     1
  Evoke: Wand              |       |       |     4 |     3 ||     7
    Use: Scroll            |     2 |    11 |     5 |    21 ||    39
         Potion            |       |     1 |     2 |    20 ||    23
   Stab: Sleeping          |     2 |     1 |       |       ||     3
 Armour: Robe              |    43 |   102 |   194 |    15 ||   354
         Skin              |       |       |     3 |     3 ||     6
         Steam dragon scal |       |       |       |   323 ||   323
  Dodge: Dodged            |    28 |    58 |   150 |   292 ||   528
  Block: Other             |       |       |       |     1 ||     1

Table legend: (Time is in decaauts)
 A = Elapsed time spent in this place.
 B = Non-inter-level travel time spent in this place.
 C = Inter-level travel time spent in this place.
 D = Time resting spent in this place.
 E = Time spent auto-exploring this place.
 F = Levels seen in this place.
 G = Mean time per level.
                   A        B        C        D        E       F      G
               +--------+--------+--------+--------+--------+-----+--------+
         Total |  15075 |  14649 |    426 |   2522 |   9247 |  18 |  837.5 |
       Dungeon |  11463 |  11079 |    384 |   1361 |   7818 |  12 |  955.2 |
        Temple |     32 |     20 |     12 |      0 |      0 |   1 |   32.0 |
          Lair |   1442 |   1413 |     29 |    266 |    922 |   2 |  721.0 |
         Sewer |    713 |    713 |      0 |    129 |    371 |   1 |  713.0 |
        Bailey |    771 |    771 |      0 |    566 |      0 |   1 |  771.0 |
      Gauntlet |    651 |    651 |      0 |    200 |    136 |   1 |  651.0 |
               +--------+--------+--------+--------+--------+-----+--------+

Top non-repeatable levels by time:
  Lair:1: 1397 daAuts
     D:3: 1266 daAuts
     D:8: 1208 daAuts
     D:5: 1125 daAuts
    D:11: 1070 daAuts
    D:10: 1069 daAuts
     D:1: 1058 daAuts
     D:4: 1055 daAuts
     D:6: 1002 daAuts
     D:9: 995 daAuts
     D:7: 934 daAuts
  Bailey: 771 daAuts
   Sewer: 713 daAuts
     D:2: 665 daAuts
Gauntlet: 651 daAuts
